 Dungeon Crawl Stone Soup version 0.28.0-56-g4927b6849a (webtiles) character file.

Game seed: 6790597079341257208

16 AarnesTheHuman the Shield-Bearer (level 2, 0/26 HPs)
             Began as a Hill Orc Fighter on Feb 6, 2023.
             Slain by a kobold
             ... wielding a +0 short sword
              (4 damage)
             ... on level 1 of the Dungeon.
             The game lasted 00:00:39 (167 turns).

AarnesTheHuman the Shield-Bearer (Hill Orc Fighter)  Turns: 167, Time: 00:00:39

Health: 0/26       AC:  6    Str: 18    XL:     2   Next: 54%
Magic:  2/2        EV:  9    Int:  8    God:
Gold:   28         SH:  4    Dex: 10    Spells: 1/1 levels left

rFire   . . .      SeeInvis .   a - +0 war axe
rCold   . . .      Faith    .   c - +0 buckler
rNeg    . . .      Spirit   .   b - +0 scale mail
rPois   .          Reflect  .   (no helmet)
rElec   .          Harm     .   (no cloak)
rCorr   .          Rampage  .   (no gloves)
Will    .....                   (no boots)
Stlth   ..........              (no amulet)
HPRegen 0.08/turn               (no ring)
MPRegen 0.08/turn               (no ring)

@: no status effects
A: no striking features
a: no special abilities


You were on level 1 of the Dungeon.
You visited 1 branch of the dungeon, and saw 1 of its levels.

You collected 28 gold pieces.

Inventory:

Hand Weapons
 a - a +0 war axe (weapon)
Missiles
 e - 6 boomerangs (quivered)
Armour
 b - a +0 scale mail (worn)
 c - a +0 buckler (worn)
Potions
 d - a potion of might


   Skills:
 - Level 3.6 Fighting
 + Level 3.4 Axes
 - Level 3.2 Armour
 + Level 3.8 Shields


You had one spell level left.
You didn't know any spells.
Your spell library was empty.

Dungeon Overview and Level Annotations

Branches:
Dungeon (1/15)

Altars:


Message History

You hit the giant cockroach.
The giant cockroach is severely wounded.
You closely miss the kobold. x2; The kobold hits you with a +0 club.
A rat comes into view.
The giant cockroach barely misses you. You block the kobold's attack.
The kobold hits you but does no damage.
You hit the giant cockroach but do no damage.
The giant cockroach is severely wounded.
You hit the kobold but do no damage. x2
The giant cockroach completely misses you.
The kobold hits you but does no damage. The giant cockroach closely misses you.
The kobold closely misses you. The giant cockroach barely misses you.
A rat comes into view.
The giant cockroach closely misses you.
You hit the giant cockroach.
You kill the giant cockroach!
You block the kobold's attack.
You hit the kobold but do no damage. You closely miss the rat.
The kobold hits you with a +0 club.
* * * LOW HITPOINT WARNING * * *
The rat bites you but does no damage.
You hit the rat.
You kill the rat!
You barely miss the kobold. The kobold hits you with a +0 club.
* * * LOW HITPOINT WARNING * * *
You hit the kobold but do no damage. The kobold hits you with a +0 club.
* * * LOW HITPOINT WARNING * * *
You block the kobold's attack.
You hit the kobold.
You kill the kobold!
The goblin hits you but does no damage.
You hit the goblin.
You kill the goblin!
The rat barely misses you.
You slash the rat!
You kill the rat!
The kobold throws a stone.
The stone barely misses you.
The kobold hits you with a +0 short sword.
You die...

#.#.#
#.#.##########
#####.#.##...†....
# #
...........######.
.#...#.#####.#.#..#
#.
...............#..#
#.
.........._....#..#
##
#...######.###..#
#.....@K##.# #.^#
#.#####.)..# #..#
#.$.?K..#### #...
#.r(.g#........
...!.!.#.#######
.#####.#.# ..#.#
..#.# ##...#


You could see a kobold.

Vanquished Creatures
  2 giant cockroaches (D:1)
  2 hobgoblins (D:1)
  2 kobolds (D:1)
  A quokka (D:1)
  2 ball pythons (D:1)
  2 bats (D:1)
  A frilled lizard (D:1)
  A goblin (D:1)
  4 rats (D:1)
17 creatures vanquished.

Notes
Turn   | Place    | Note
-------+----------+-------------------------------------------
     0 | D:1      | AarnesTheHuman the Hill Orc Fighter began the quest for the
                  | Orb.
     0 | D:1      | Reached XP level 1. HP: 19/19 MP: 1/1
   117 | D:1      | Reached XP level 2. HP: 26/26 MP: 2/2
   132 | D:1      | Found a faded altar of an unknown god.
   167 | D:1      | Slain by a kobold

Illustrated notes

Levels and vault maps discovered:
D:1:      saegor_arrival_simple_d, layout_loops_ring, basic_ecumenical_altar,
          serial_shops, nicolae_shop_advertising_works
          [nicolae_subvault_shop_adworks], minmay_pentomino_o4

Skill      XL: |  1 |
---------------+----+-----
Axes           | 3 |  3.4
Fighting       | |  3.6
Armour         | |  3.2
Shields        | |  3.8

Action                   || total
-------------------------++-------
Melee: War axe           ||    41
Armor: Scale mail        ||    28
Dodge: Dodged            ||    27
Block: Buckler           ||    13
